 Dungeon Crawl Stone Soup version 0.22.1-2-g9c5b331 (webtiles) character file.

106 YukikoGem the Ruffian (level 4, 0/40 HPs)
             Began as a Ghoul Monk on Nov 26, 2018.
             Was a Believer of Trog.
             Slain by an orc priest
             ... wielding a +0 flail
              (4 damage)
             ... on level 4 of the Dungeon.
             The game lasted 00:48:46 (2879 turns).

YukikoGem the Ruffian (Ghoul Monk)                  Turns: 2879, Time: 00:48:47

Health: 0/40       AC:  5    Str: 14    XL:     4   Next: 84%
Magic:  0/3        EV: 16    Int:  5    God:    Trog [**....]
Gold:   190        SH:  0    Dex: 12    Spells: 2/3 levels left

rFire    . . .     SeeInvis .     - Unarmed
rCold    + . .     Gourm    .   (no shield)
rNeg     + + +     Faith    .   M - +0 leather armour
rPois    ∞         Spirit   +   (no helmet)
rElec    .         Reflect  .   e - +0 cloak
rCorr    .         Harm     .   z - +0 pair of gloves
MR       .....     Rnd*Tele +   (no boots)
Stlth    ++........             b - amulet of guardian spirit
HPRegen  0.00/turn              c - +3 ring of evasion
MPRegen  0.08/turn              G - ring of teleportation

@: rotting
A: rotting body, claws 1, carnivore, cold resistance 1, negative energy
resistance 3, inhibited regeneration, torment resistance, unbreathing
a: Trog's Hand, Renounce Religion


You were on level 4 of the Dungeon.
You worshipped Trog.
Trog was pleased with you.
You were not hungry.

You visited 1 branch of the dungeon, and saw 4 of its levels.

You collected 190 gold pieces.

Inventory:

Hand Weapons
 a - a +0 hand axe
 j - a cursed -2 club
 k - a +0 club
 m - a +0 club
 n - a +0 club
 o - a +0 spear
 q - a +0 club
 r - a +0 club
 x - a +0 club
 y - a +0 whip
 H - a +0 short sword
 I - a +0 dagger
 K - a +0 whip of venom
 L - a +0 short sword
 N - a +0 dagger
 P - a +0 club
 Q - a +0 dagger
 T - a +0 hunting sling
 V - a +0 dagger
 X - a +0 short sword
Missiles
 p - 103 stones (quivered)
 R - 2 exploding tomahawks
 U - 10 poisoned needles
Armour
 e - a +0 cloak (worn)
 f - a +0 plate armour
 l - a +0 leather armour
 s - a +0 chain mail
 z - a +0 pair of gloves (worn)
 B - a +0 ring mail
 F - a +0 scale mail
 M - a +0 leather armour (worn)
 Y - a +0 ring mail
Jewellery
 b - an amulet of guardian spirit (around neck)
 c - a +3 ring of evasion (left hand)
 d - an uncursed ring of positive energy
 E - a +2 ring of dexterity
 G - a ring of teleportation (right hand)
 S - an uncursed amulet of guardian spirit
Wands
 w - a wand of scattershot (5)
 Z - a wand of flame (28)
Scrolls
 h - 2 scrolls of identify
 t - 2 scrolls of amnesia {unknown}
 u - 2 scrolls of enchant weapon {unknown}
 A - 2 scrolls of enchant armour {unknown}
 C - 2 scrolls of teleportation {unknown}
 D - 2 scrolls of random uselessness {unknown}
Potions
 v - a potion of lignification
 J - 2 potions of degeneration {unknown}
Comestibles
 i - 4 rations


   Skills:
 + Level 3.7 Fighting
 + Level 3.5 Dodging
 + Level 2.8 Stealth
 + Level 4.6 Unarmed Combat


You had 2 spell levels left.
You knew the following spells:

 Your Spells              Type           Power        Failure   Level  Hunger
a - Magic Dart            Conj           #...         56%         1    ##.....

Your spell library contained the following spells:

 Spells                   Type           Power        Failure   Level  Hunger
 Blink                    Tloc           N/A          71%         2    ###....
 Call Imp                 Summ           #.......     71%         2    ###....
 Slow                     Hex            #.......     71%         2    ###....
 Conjure Flame            Conj/Fire      #.......     90%         3    ####...
 Mephitic Cloud           Conj/Pois/Air  #.......     90%         3    ####...


Dungeon Overview and Level Annotations

Branches:
Dungeon (4/15)
 Temple: D:4-7

Altars:
Trog


Innate Abilities, Weirdness & Mutations

Your body is rotting away.
You thrive on raw meat.
You are immune to poison.
You have sharp fingernails.
You are carnivorous and can eat meat at any time.
Your flesh is cold resistant. (rC+)
You are immune to negative energy. (rN+++)
You do not regenerate when monsters are visible.
You are immune to unholy pain and torment.
You can survive without breathing.


Message History

v - a potion of lignification The leopard gecko bites you.
* * * LOW HITPOINT WARNING * * *
The phantom blinks!
Unknown command.
Your unliving flesh cannot be transformed in this way.
The orc priest hits you with a flail.
* * * LOW HITPOINT WARNING * * *
The leopard gecko closely misses you. The orc priest misses you.
You hit the orc.
The orc is severely wounded.
The leopard gecko completely misses you.
The orc completely misses you. The orc priest closely misses you.
The ooze hits you but does no damage.
You hit the orc.
You kill the orc!
Trog accepts your kill. The leopard gecko closely misses you.
The orc priest hits you with a flail.
You die...

...... .# . ........# .. .
#.#.....#... #. #.#.#...#...
## #.###.#.#......
...#.....#.#....###
...#........>......
........(.)........
.......J@#........
######...ol#..........#
#........WZ#...#.#....#.#
$##.......#...#.#.... .#
##....#####...#.#...##.##.
##.....# #.............#.
##......#######...........#.
.......W....# #...........#.
###.........###J..........#.


You could see a phantom, an orc priest, an ooze, a leopard gecko and an adder
skeleton.

Vanquished Creatures
  4 adders
  An ooze (D:1)
  2 worms
  2 dart slugs
  A leopard gecko (D:1)
  2 orcs (D:4)
  9 bats
  3 giant cockroaches
  3 goblins
  6 hobgoblins
  2 jackals
  5 kobolds
  A quokka (D:3)
  A ball python (D:2)
  3 frilled lizards
  10 rats
55 creatures vanquished.

Notes
Turn   | Place    | Note
-------+----------+-------------------------------------------
     0 | D:1      | YukikoGem the Ghoul Monk began the quest for the Orb.
     0 | D:1      | Reached XP level 1. HP: 19/19 MP: 0/0
   288 | D:1      | Reached XP level 2. HP: 24/25 MP: 1/1
  1014 | D:1      | Reached XP level 3. HP: 23/27 MP: 2/2
  1212 | D:2      | Reached skill level 4 in Unarmed Combat
  2067 | D:3      | Reached XP level 4. HP: 29/39 MP: 3/3
  2503 | D:3      | Learned a level 1 spell: Magic Dart
  2696 | D:3      | You fall through a shaft!
  2696 | D:4      | Found a bloodstained altar of Trog.
  2719 | D:4      | Became a worshipper of Trog the Wrathful
  2719 | D:4      | Reached * piety under Trog
  2719 | D:4      | Reached ** piety under Trog
  2792 | D:4      | Noticed a phantom
  2879 | D:4      | Slain by an orc priest

Skill      XL: |  1  2  3 |
---------------+----------+-----
Dodging        | 3 |  3.5
Unarmed Combat | 4 |  4.6
Fighting       | |  3.7
Stealth        | |  2.8

Action                   |  1- 3 |  4- 6 || total
-------------------------+-------+-------++-------
Melee: Unarmed           |   146 |    95 ||   241
       Punch             |     2 |     1 ||     3
 Cast: Magic Dart        |       |     1 ||     1
Invok: Trog's Hand       |       |     1 ||     1
  Use: Potion            |     1 |     3 ||     4
       Scroll            |       |     2 ||     2
 Stab: Sleeping          |     7 |       ||     7
  Eat: Chunk             |    13 |    11 ||    24
       Ration            |     3 |       ||     3
Armor: Robe              |    32 |     7 ||    39
       Leather armour    |       |    13 ||    13
Dodge: Dodged            |   116 |   109 ||   225
